 Dungeon Crawl Stone Soup version 0.22-a0-305-gd21a89c538 (webtiles) character file.

58 Oravi the Bolt Thrower (level 4, -3/27 HPs)
             Began as a Kobold Hunter on Mar 31, 2018.
             Slain by Natasha (8 damage)
             ... on level 3 of the Dungeon.
             The game lasted 00:06:55 (1623 turns).

Oravi the Bolt Thrower (Kobold Hunter)              Turns: 1623, Time: 00:06:55

Health: -3/27      AC:  5    Str: 10    XL:     4   Next: 21%
Magic:  4/4        EV: 15    Int: 12    God:
Gold:   44         SH:  0    Dex: 15    Spells: 3/3 levels left

rFire    . . .     SeeInvis .   b - +0 dagger (flame)
rCold    . . .     Gourm    .   (shield restricted)
rNeg     . . .     Faith    .   c - +0 leather armour
rPois    .         Spirit   .   (no helmet)
rElec    .         Reflect  .   h - +0 cloak
rCorr    .         Harm     .   (no gloves)
MR       .....                  l - +0 pair of boots
Stlth    ++........             (no amulet)
HPRegen  0.09/turn              (no ring)
MPRegen  0.09/turn              (no ring)

@: slowed, very slow
A: small, carnivore
a: no special abilities


You were on level 3 of the Dungeon.
You were completely stuffed.

You visited 1 branch of the dungeon, and saw 3 of its levels.

You collected 44 gold pieces.

Inventory:

Hand Weapons
 a - a +1 hand crossbow
 b - a +0 dagger of flaming (weapon)
 o - a +0 short sword
Missiles
 d - 42 bolts
Armour
 c - a +0 leather armour (worn)
 h - a +0 cloak (worn)
 l - a +0 pair of boots (worn)
Wands
 n - a wand of flame (24)
Scrolls
 e - 3 scrolls of teleportation {unknown}
 g - 2 scrolls of identify {unknown}
 j - a scroll of fog {unknown}
 q - a scroll of enchant weapon {unknown}
Potions
 i - 2 potions of heal wounds
 k - a potion of haste {unknown}
 p - a potion of curing {unknown}
Comestibles
 f - 3 rations
 m - 6 chunks of flesh


   Skills:
 + Level 2.5 Fighting
 + Level 1.7 Short Blades
 + Level 5.8 Crossbows
 + Level 2.9 Dodging
 - Level 1.3 Stealth
 + Level 0.1 Evocations


You had 3 spell levels left.
You didn't know any spells.

Dungeon Overview and Level Annotations

Branches:
Dungeon (3/15)

Altars:
Ashenzari
Nemelex Xobeh

Annotations:
D:2 Sigmund
D:3 Natasha


Innate Abilities, Weirdness & Mutations

You are small and have problems with some larger weapons.
You are carnivorous and can eat meat at any time.


Message History

You are too injured to fight recklessly!
You are too injured to fight recklessly!
You hit Natasha but do no damage.
Natasha is almost dead.
Natasha stares at you and mumbles some strange words.
The magic dart hits you!
* * * LOW HITPOINT WARNING * * *
You hit Natasha but do no damage.
Natasha is almost dead.
Natasha barely misses you.
You closely miss Natasha.
Natasha is almost dead.
Natasha stares at you and mumbles some strange words.
The magic dart hits you!
* * * LOW HITPOINT WARNING * * *
Natasha claws you but does no damage.
You barely miss Natasha.
Natasha is almost dead.
Natasha claws you!
You die...

###
#.#
##.#
..#
#.#
#<#
#@#
#h#
#.#
#..
###


You could see Natasha.

Vanquished Creatures
  2 adders (D:2)
  2 dart slugs
  A worm (D:2)
  A leopard gecko (D:1)
  2 giant cockroaches
  5 goblins
  A hobgoblin (D:1)
  2 jackals (D:2)
  A quokka (D:2)
  A ball python (D:1)
  5 bats
  4 frilled lizards
  6 kobolds
  2 rats
35 creatures vanquished.

Notes
Turn   | Place    | Note
-------+----------+-------------------------------------------
     0 | D:1      | Oravi the Kobold Hunter began the quest for the Orb.
     0 | D:1      | Reached XP level 1. HP: 12/12 MP: 1/1
     4 | D:1      | Reached skill level 5 in Crossbows
   314 | D:1      | Reached XP level 2. HP: 17/17 MP: 2/2
   798 | D:2      | Reached XP level 3. HP: 18/22 MP: 3/3
   877 | D:2      | Found a sparkling altar of Nemelex Xobeh.
  1225 | D:2      | Reached skill level 1 in Short Blades
  1225 | D:2      | Reached XP level 4. HP: 27/27 MP: 4/4
  1512 | D:2      | Found a shattered altar of Ashenzari.
  1557 | D:2      | Noticed Sigmund
  1612 | D:3      | Noticed Natasha
  1623 | D:3      | Slain by Natasha

Vault maps used:
D:1:      ncdulo_halloftheorcs
D:2:      tso_oasis_becter, overflow_temple_1_default,
          nemelex_xobeh_ov_fountains_minmay, uniq_sigmund
D:3:      old_standard_altar, tgw_trog, nicolae_overflow_hidden_temple,
          st_stairs_9, uniq_natasha

Skill      XL: |  1  2  3 |
---------------+----------+-----
Crossbows      | 5 |  5.8
Short Blades   | 1 |  1.7
Fighting       | |  2.5
Dodging        | |  2.9
Stealth        | |  1.3
Evocations     | |  0.1

Action                   |  1- 3 |  4- 6 || total
-------------------------+-------+-------++-------
Melee: Short sword       |    71 |       ||    71
       Dagger            |     4 |    37 ||    41
 Fire: Hand crossbow     |    18 |       ||    18
Evoke: Wand              |     4 |       ||     4
  Use: Potion            |     1 |       ||     1
 Stab: Sleeping          |     3 |       ||     3
  Eat: Chunk             |     9 |     2 ||    11
Armor: Leather armour    |    23 |    12 ||    35
Dodge: Dodged            |    87 |    17 ||   104

Table legend:
 A = Spawn XP
 B = Non-spawn XP
 C = Spawn XP percentage of total XP
 D = Spawn monster count
 E = Non-spawn monster count
 F = Spawn count percentage of total count
 G = Total turns spent on level
                    A         B        C        D         E        F      G
               +---------+---------+-------+---------+---------+-------+---------
         Total |       0 |      84 |   0.0 |       0 |      35 |   0.0 |  1623
               +---------+---------+-------+---------+---------+-------+---------
           D:1 |       0 |      19 |   0.0 |       0 |      11 |   0.0 |   703
           D:2 |       0 |      65 |   0.0 |       0 |      24 |   0.0 |   909
               +---------+---------+-------+---------+---------+-------+---------
